 Dungeon Crawl Stone Soup version 0.29.0-10-g45618ea6d2 (webtiles) character file.

Game seed: 18263766616962089091

9133 night the Destroyer (level 11, -11/83 HPs)
             Began as a Gnoll Conjurer on Sept 1, 2022.
             Was a High Priest of Kikubaaqudgha.
             Mangled by a minotaur
             ... wielding a staff of air
              (24 damage)
             ... in a Gauntlet.
             The game lasted 00:33:22 (13277 turns).

night the Destroyer (Gnoll Conjurer)               Turns: 13277, Time: 00:33:23

Health: -11/83     AC: 20    Str:  9    XL:     11   Next: 41%
Magic:  32/32      EV: 12    Int: 20    God:    Kikubaaqudgha [*****.]
Gold:   610        SH:  5    Dex: 10    Spells: 15/26 levels left

rFire   . . .      SeeInvis +   q - +2 double sword (venom)
rCold   . . .      Faith    +   t - +0 buckler
rNeg    . . .      Spirit   .   j - +3 ring mail {Will+}
rPois   .          Reflect  .   d - +2 helmet {SInv}
rElec   .          Harm     .   (no cloak)
rCorr   .          Rampage  .   (no gloves)
Will    +....      NoTele   +   s - +2 pair of boots {Stlth+}
Stlth   ++++......              y - amulet of faith
HPRegen 0.23/turn               o - +4 ring of protection
MPRegen 0.23/turn               v - ring of magical power

@: mighty, hasted, studying Long Blades, very quick
A: fangs 1, strong nose, distributed training
a: Renounce Religion, Unearth Wretches, Torment


You were in a Gauntlet.
You worshipped Kikubaaqudgha.
Kikubaaqudgha was extremely pleased with you.
You visited 2 branches of the dungeon, and saw 11 of its levels.
You also visited: Gauntlet.

You collected 610 gold pieces.

Inventory:

Hand Weapons
 q - a +2 double sword of venom (weapon)
 I - the +8 dagger of the Beast {protect, rCorr Str+3 Dex+6}
   (You found it on level 6 of the Dungeon)

   It grants its wielder temporary protection when it strikes (+7 to AC).
   Str:       It affects your strength (+3).
   Dex:       It affects your dexterity (+6).
   rCorr:     It protects you from acid and corrosion.
Missiles
 g - 2 throwing nets
 i - 13 boomerangs
 x - 13 curare-tipped darts
Armour
 d - a +2 helmet of see invisible (worn)
 j - a +3 ring mail of willpower (worn)
 p - a +0 ring mail of poison resistance
 s - a +2 pair of boots of stealth (worn)
 t - a +0 buckler (worn)
 C - a +2 hat
Jewellery
 f - the ring "Japyilui" {Will+ Dex+2 Stlth+}
   (You found it in a Gauntlet)

   [ring of willpower]

   Dex:       It affects your dexterity (+2).
   Will:      It increases your willpower.
   Stlth:     It makes you more stealthy.
 o - a +4 ring of protection (left hand)
 v - a ring of magical power (right hand)
 y - an amulet of faith (around neck)
 M - an amulet of the acrobat
Wands
 c - a wand of polymorph (15)
 u - a wand of digging (2)
 L - a wand of flame (9)
 U - a wand of quicksilver (5)
Scrolls
 a - 3 scrolls of immolation
 l - 5 scrolls of teleportation
 m - 3 scrolls of amnesia
 A - 2 scrolls of blinking
 G - a scroll of fear
 J - 2 scrolls of torment
 T - a scroll of enchant armour
 W - a scroll of fog
Potions
 b - a potion of magic
 e - a potion of haste
 h - 2 potions of berserk rage
 k - 6 potions of lignification
 n - 2 potions of flight
 r - 7 potions of heal wounds
 B - 8 potions of curing
 H - a potion of might
 Q - a potion of resistance
Miscellaneous
 S - a piece from Xom's chessboard (14/15)


   Skills:
 + Level 6.5 Fighting
 + Level 6.5 Short Blades
 + Level 8.6 Long Blades
 + Level 6.5 Axes
 + Level 6.5 Maces & Flails
 + Level 6.5 Polearms
 + Level 6.5 Staves
 + Level 6.5 Ranged Weapons
 + Level 6.5 Throwing
 + Level 6.5 Armour
 + Level 8.0 Dodging
 + Level 7.8 Stealth
 + Level 6.5 Shields
 + Level 6.5 Unarmed Combat
 + Level 8.3 Spellcasting
 + Level 9.0 Conjurations
 + Level 5.4 Hexes
 + Level 5.4 Summonings
 + Level 5.4 Necromancy
 + Level 5.4 Translocations
 + Level 5.4 Transmutations
 + Level 5.4 Fire Magic
 + Level 5.4 Ice Magic
 + Level 5.4 Air Magic
 + Level 5.4 Earth Magic
 + Level 5.4 Poison Magic
 + Level 7.1 Invocations
 + Level 6.5 Evocations


You had 15 spell levels left.
You knew the following spells:

 Your Spells              Type           Power      Damage    Failure   Level
a - Magic Dart            Conj           100%       1d8       1%          1
b - Searing Ray           Conj           88%        2d7       1%          2
c - Iskenderun's Mystic   Conj/Tloc      37%        2d9       13%         4
d - Fulminant Prism       Conj/Hex       18%        3d11      13%         4

Your spell library contained the following spells:

 Spells                   Type           Power      Damage    Failure   Level
 Necrotise                Necr           100%       1d9       2%          1
 Sandblast                Erth           58%        2d13      2%          1
 Slow                     Hex            100%       N/A       2%          1
 Passwall                 Tmut/Erth      24%        N/A       4%          2
 Sublimation of Blood     Necr           29%        N/A       4%          2
 Wereblood                Tmut           29%        N/A       4%          2
 Dazzling Flash           Conj/Hex       74%        N/A       4%          3
 Stone Arrow              Conj/Erth      74%        3d11      4%          3
 Confusing Touch          Hex            29%        N/A       9%          3
 Vampiric Draining        Necr           29%        2d8       9%          3
 Anguish                  Hex/Necr       14%        N/A       28%         4
 Corpse Rot               Necr/Pois/Air  29%        N/A       28%         4
 Agony                    Necr           29%        N/A       61%         5
 Borgnjor's Vile Clutch   Necr/Erth      14%        N/A       61%         5
 Yara's Violent Unravell  Hex/Tmut       14%        3d7       61%         5
 Death Channel            Necr           14%        N/A       99%         6
 Simulacrum               Ice/Necr       14%        N/A       99%         6
 Enfeeble                 Hex            14%        N/A       100%        7
 Summon Hydra             Summ           14%        N/A       100%        7
 Borgnjor's Revivificati  Necr           14%        N/A       100%        8
 Necromutation            Tmut/Necr      14%        N/A       100%        8
 Death's Door             Necr           14%        N/A       100%        9


Dungeon Overview and Level Annotations

Branches:
Dungeon (10/15)            Temple (0/1) D:4            Lair (1/5) D:8
Gauntlet (1/1)
    Orc: D:9-12

Altars:
Ashenzari
Dithmenos
Elyvilon
Fedhas
Gozag
Hepliaklqana
Kikubaaqudgha
Makhleb
Sif Muna
Trog
Uskayaw
Xom
Yredelemnul

Shops:
D:8 (

Annotations:
D:7 2 transporters, Plorgh's ghost, novice GnWr
D:10 3 runed translucent doors, qborf's ghost, novice MeHW Gauntlet 12 transporters, exclusion: ice statue


Innate Abilities, Weirdness & Mutations

You have very sharp teeth.
Your uncanny sense of smell can sniff out nearby items.
Your experience applies equally to all skills.


Message History

You see here 30 gold pieces.
You now have 610 gold pieces (gained 30).
There is a transporter here.
You see here a +0 ring mail of poison resistance.
p - a +0 ring mail of poison resistance
There is a transporter here.
You enter the transporter and appear at another place.
There is a transporter landing site here.
Okay, then.
Your extra speed is starting to run out.
You feel yourself slow down.
A minotaur comes into view. It is wielding a staff of air.
You feel very mighty all of a sudden.
The minotaur bellows!
You feel yourself speed up.
The minotaur hits you with a staff of air!
You are electrocuted!
The minotaur completely misses you.
You barely miss the minotaur. You barely miss the minotaur.
The minotaur closely misses you.
The minotaur gores you but does no damage.
You barely miss the minotaur.
The minotaur hits you but does no damage.
You are electrocuted!
You block the minotaur's attack.
You hit the minotaur.
The minotaur is lightly wounded.
You slash the minotaur!
The minotaur is poisoned.
The minotaur is lightly wounded.
The minotaur completely misses you. You block the minotaur's attack.
You closely miss the minotaur. You bite the minotaur.
The minotaur is lightly wounded.
The minotaur hits you with a staff of air!!
You are electrocuted!
* * * LOW HITPOINT WARNING * * *
The minotaur gores you.
* * * LOW HITPOINT WARNING * * *
You hit the minotaur.
The minotaur looks as sick as possible!
The minotaur is moderately wounded.
The minotaur hits you with a staff of air!!
You die...
Kikubaaqudgha rasps: "You have failed me!
Welcome... death!"

#...........# #.#########.#
##.#.......#.## #..#.#####.#..#
####.# #.##.# #.#..# ∆ #..#.#
#...##⌠ ##.#.# #.#.###.###.#.#
#.#...#.H@..#.# #.###########.#
#.............#
**#######.########*
*§...............≈# *
****8..©.©.©.©.©.©..8##** ##* # *
*8**≈...............≈##8* #8* #
*******##########################
,,,,,,,......≈∩≈.................


You could see a minotaur (extremely poisoned).

Vanquished Creatures
  A two-headed ogre (D:9)
  A wizard (Gauntlet)
  A gargoyle (D:10)
  A rime drake (Gauntlet)
  Grinder (D:4)
  A hornet (D:8)
  Sigmund (D:3)
  3 wyverns
  18 yaks
  A steam dragon (D:10)
  2 water moccasins
  2 black bears
  3 orc warriors
  2 ogres
  2 centaurs (D:9)
  A phantom (D:7)
  3 kobold brigands
  A gnoll sergeant (D:7)
  4 bullfrogs
  4 scorpions
  11 wights
  6 killer bees (D:9)
  2 howler monkeys
  8 orc priests
  3 hounds (D:5)
  2 jellies
  Natasha (thrice) (D:4)
  3 iguanas
  11 orc wizards
  4 gnolls
  A river rat (D:6)
  6 adders
  A shadow imp (D:6)
  2 white imps (Gauntlet)
  An ufetubus (D:6)
  6 worms
  2 dart slugs
  31 orcs
  5 ball pythons
  10 endoplasms
  5 giant cockroaches
  5 goblins
  2 hobgoblins (D:3)
  3 jackals (D:2)
  2 quokkas
  3 bats
  2 frilled lizards
  20 kobolds
  8 rats
  A butterfly (D:4)
  2 fulminant prisms
224 creatures vanquished.

Vanquished Creatures (others)
  40 demonic plants (Gauntlet)
  34 fulminant prisms
  2 fungi (D:3)
  7 plants
83 creatures vanquished.

Grand Total: 307 creatures vanquished

Notes
Turn   | Place    | Note
-------+----------+-------------------------------------------
     0 | D:1      | night the Gnoll Conjurer began the quest for the Orb.
     0 | D:1      | Reached XP level 1. HP: 13/13 MP: 6/6
   586 | D:1      | Reached XP level 2. HP: 19/19 MP: 5/7
   620 | D:1      | Learned a level 2 spell: Searing Ray
  1232 | D:2      | Reached skill level 5 in Spellcasting
  1232 | D:2      | Reached XP level 3. HP: 25/25 MP: 6/9
  1300 | D:2      | Reached skill level 1 in Fighting
  1300 | D:2      | Reached skill level 1 in Short Blades
  1300 | D:2      | Reached skill level 1 in Long Blades
  1300 | D:2      | Reached skill level 1 in Axes
  1300 | D:2      | Reached skill level 1 in Maces & Flails
  1300 | D:2      | Reached skill level 1 in Polearms
  1300 | D:2      | Reached skill level 1 in Staves
  1300 | D:2      | Reached skill level 1 in Ranged Weapons
  1300 | D:2      | Reached skill level 1 in Throwing
  1300 | D:2      | Reached skill level 1 in Armour
  1300 | D:2      | Reached skill level 1 in Shields
  1300 | D:2      | Reached skill level 1 in Unarmed Combat
  1300 | D:2      | Reached skill level 1 in Invocations
  1300 | D:2      | Reached skill level 1 in Evocations
  1300 | D:2      | Reached XP level 4. HP: 21/32 MP: 6/11
  1559 | D:2      | Reached skill level 1 in Hexes
  1559 | D:2      | Reached skill level 1 in Summonings
  1559 | D:2      | Reached skill level 1 in Necromancy
  1559 | D:2      | Reached skill level 1 in Translocations
  1559 | D:2      | Reached skill level 1 in Transmutations
  1559 | D:2      | Reached skill level 1 in Fire Magic
  1559 | D:2      | Reached skill level 1 in Ice Magic
  1559 | D:2      | Reached skill level 1 in Air Magic
  1559 | D:2      | Reached skill level 1 in Earth Magic
  1559 | D:2      | Reached skill level 1 in Poison Magic
  1930 | D:3      | Noticed Sigmund
  1940 | D:3      | Killed Sigmund
  1941 | D:3      | Reached skill level 5 in Dodging
  1941 | D:3      | Reached skill level 2 in Invocations
  1941 | D:3      | Reached XP level 5. HP: 38/38 MP: 2/12
  1941 | D:3      | Reached XP level 6. HP: 44/44 MP: 2/14
  2060 | D:3      | Learned a level 4 spell: Iskenderun's Mystic Blast
  2065 | D:3      | Learned a level 4 spell: Fulminant Prism
  2103 | D:3      | Found an ancient bone altar of Kikubaaqudgha.
  2117 | D:3      | Became a worshipper of Kikubaaqudgha
  2267 | D:3      | Reached skill level 2 in Fighting
  2267 | D:3      | Reached skill level 2 in Short Blades
  2267 | D:3      | Reached skill level 2 in Long Blades
  2267 | D:3      | Reached skill level 2 in Axes
  2267 | D:3      | Reached skill level 2 in Maces & Flails
  2267 | D:3      | Reached skill level 2 in Polearms
  2267 | D:3      | Reached skill level 2 in Staves
  2267 | D:3      | Reached skill level 2 in Ranged Weapons
  2267 | D:3      | Reached skill level 2 in Throwing
  2267 | D:3      | Reached skill level 2 in Armour
  2267 | D:3      | Reached skill level 2 in Shields
  2267 | D:3      | Reached skill level 2 in Unarmed Combat
  2267 | D:3      | Reached skill level 2 in Evocations
  2425 | D:3      | Found a faded altar of an unknown god.
  2893 | D:4      | Noticed Natasha
  2898 | D:4      | Killed Natasha
  2935 | D:4      | Found a broken altar of Ashenzari.
  3411 | D:4      | Noticed a moth of wrath
  3415 | D:4      | Found a bloodstained altar of Trog.
  3681 | D:4      | Reached XP level 7. HP: 50/50 MP: 15/15
  3756 | D:4      | Noticed Natasha
  3769 | D:4      | Killed Natasha
  3830 | D:4      | Reached skill level 2 in Hexes
  3830 | D:4      | Reached skill level 2 in Summonings
  3830 | D:4      | Reached skill level 2 in Necromancy
  3830 | D:4      | Reached skill level 2 in Translocations
  3830 | D:4      | Reached skill level 2 in Transmutations
  3830 | D:4      | Reached skill level 2 in Fire Magic
  3830 | D:4      | Reached skill level 2 in Ice Magic
  3830 | D:4      | Reached skill level 2 in Air Magic
  3830 | D:4      | Reached skill level 2 in Earth Magic
  3830 | D:4      | Reached skill level 2 in Poison Magic
  4006 | D:4      | Noticed Natasha
  4012 | D:4      | Killed Natasha
  4159 | D:4      | Noticed Grinder
  4163 | D:4      | Reached * piety under Kikubaaqudgha
  4163 | D:4      | Received a gift from Kikubaaqudgha
  4175 | D:4      | Paralysed by Grinder for 4 turns
  4182 | D:4      | Killed Grinder
  4183 | D:4      | Reached skill level 5 in Stealth
  4280 | D:4      | Found a staircase to the Ecumenical Temple.
  4491 | D:4      | Reached XP level 8. HP: 47/58 MP: 16/16
  4623 | D:4      | Found a hazy altar of Hepliaklqana.
  4630 | D:4      | Found a hide-covered altar of Uskayaw.
  4638 | D:4      | Found a blossoming altar of Fedhas.
  4645 | D:4      | Found a shimmering blue altar of Sif Muna.
  4653 | D:4      | Found a burning altar of Makhleb.
  4660 | D:4      | Found a shadowy altar of Dithmenos.
  4666 | D:4      | Found a shimmering altar of Xom.
  4778 | D:5      | Entered Level 5 of the Dungeon
  6197 | D:6      | Reached XP level 9. HP: 57/65 MP: 18/18
  6300 | D:6      | Reached ** piety under Kikubaaqudgha
  6719 | D:6      | Identified the +8 dagger of the Beast {protect, rCorr Str+3
                  | Dex+6}
  6821 | D:6      | Reached skill level 8 in Conjurations
  7114 | D:7      | Found a transporter.
  7115 | D:7      | Found a transporter.
  7115 | D:7      | Noticed Plorgh's ghost (novice GnWr)
  7195 | D:7      | Reached skill level 5 in Long Blades
  7277 | D:7      | Identified the +6 scale mail "Veli" {+Blink Str-4 Int-2
                  | SInv}
  7705 | D:7      | Reached skill level 5 in Invocations
  8381 | D:8      | Noticed a hornet
  8386 | D:8      | Paralysed by a hornet for 2 turns
  8388 | D:8      | Killed a hornet
  8388 | D:8      | Reached *** piety under Kikubaaqudgha
  8388 | D:8      | Received a gift from Kikubaaqudgha
  8550 | D:8      | Reached skill level 5 in Fighting
  8550 | D:8      | Reached skill level 5 in Short Blades
  8550 | D:8      | Reached skill level 5 in Axes
  8550 | D:8      | Reached skill level 5 in Maces & Flails
  8550 | D:8      | Reached skill level 5 in Polearms
  8550 | D:8      | Reached skill level 5 in Staves
  8550 | D:8      | Reached skill level 5 in Ranged Weapons
  8550 | D:8      | Reached skill level 5 in Throwing
  8550 | D:8      | Reached skill level 5 in Armour
  8550 | D:8      | Reached skill level 5 in Shields
  8550 | D:8      | Reached skill level 5 in Unarmed Combat
  8550 | D:8      | Reached skill level 5 in Evocations
  8550 | D:8      | Reached XP level 10. HP: 74/74 MP: 20/20
  9097 | D:8      | Found Edosyimi's Weapon Shop.
  9408 | D:8      | Found a staircase to the Lair.
  9860 | D:9      | Reached **** piety under Kikubaaqudgha
 10071 | D:9      | Noticed a two-headed ogre
 10082 | D:9      | Killed a two-headed ogre
 10083 | D:9      | Reached skill level 5 in Hexes
 10083 | D:9      | Reached skill level 5 in Summonings
 10083 | D:9      | Reached skill level 5 in Necromancy
 10083 | D:9      | Reached skill level 5 in Translocations
 10083 | D:9      | Reached skill level 5 in Transmutations
 10083 | D:9      | Reached skill level 5 in Fire Magic
 10083 | D:9      | Reached skill level 5 in Ice Magic
 10083 | D:9      | Reached skill level 5 in Air Magic
 10083 | D:9      | Reached skill level 5 in Earth Magic
 10083 | D:9      | Reached skill level 5 in Poison Magic
 10185 | D:9      | Reached XP level 11. HP: 68/81 MP: 22/22
 10380 | D:9      | Found a white marble altar of Elyvilon.
 10645 | D:10     | Entered Level 10 of the Dungeon
 11022 | D:10     | Found a basalt altar of Yredelemnul.
 11228 | D:10     | Found a runed translucent gate.
 11507 | D:10     | Found a runed translucent gate.
 11508 | D:10     | Found a runed translucent gate.
 11509 | D:10     | Found an opulent altar of Gozag.
 11509 | D:10     | Noticed a centaur warrior
 11509 | D:10     | Noticed qborf's ghost (novice MeHW)
 11568 | D:10     | Reached skill level 9 in Conjurations
 11830 | Lair:1   | Entered Level 1 of the Lair of Beasts
 11865 | Lair:1   | Found a gate leading to a gauntlet.
 11892 | Gauntlet | Entered a Gauntlet
 11892 | Gauntlet | Found a transporter.
 11897 | Gauntlet | Noticed a wizard
 11901 | Gauntlet | Found a transporter.
 11916 | Gauntlet | Found a transporter.
 11920 | Gauntlet | Noticed a quicksilver ooze
 11921 | Gauntlet | Found a transporter.
 11926 | Gauntlet | Noticed a great orb of eyes
 11936 | Gauntlet | Found a transporter.
 11955 | Gauntlet | Found a transporter.
 11958 | Gauntlet | Noticed a purple ugly thing
 11966 | Gauntlet | Noticed a brown ugly thing
 11967 | Gauntlet | Found a transporter.
 11967 | Gauntlet | Noticed a purple ugly thing
 11967 | Gauntlet | Noticed a great orb of eyes
 11979 | Gauntlet | Found a transporter.
 11982 | Gauntlet | Noticed a wretched star
 11991 | Gauntlet | Found a transporter.
 12001 | Gauntlet | Noticed a large abomination
 12003 | Gauntlet | Found a transporter.
 12006 | Gauntlet | Noticed a large abomination
 12020 | Gauntlet | Found a transporter.
 12038 | Gauntlet | Found a transporter.
 12040 | Gauntlet | Found a transporter.
 12067 | Gauntlet | Found a transporter.
 12069 | Gauntlet | Found a transporter.
 12071 | Gauntlet | Found a transporter.
 12098 | Gauntlet | Found a transporter.
 12100 | Gauntlet | Found a transporter.
 12106 | Gauntlet | Found a transporter.
 12345 | Gauntlet | Found a transporter.
 12742 | Gauntlet | HP: 2/83 [something] (29)]
 13112 | Gauntlet | Found a transporter.
 13117 | Gauntlet | Reached ***** piety under Kikubaaqudgha
 13118 | Gauntlet | Killed a wizard
 13119 | Gauntlet | Found a transporter.
 13160 | Gauntlet | Found a transporter.
 13166 | Gauntlet | Identified the ring "Japyilui" {Will+ Dex+2 Stlth+}
 13174 | Gauntlet | Found a transporter.
 13176 | Gauntlet | Found a transporter.
 13266 | Gauntlet | Noticed a minotaur
 13277 | Gauntlet | Mangled by a minotaur

Illustrated notes

Levels and vault maps discovered:
D:1:      dpeg_arrival_tiny_d, layout_loops_corners
D:2:      layout_basic
D:3:      layout_rooms, mainiacjoe_overflow_boulevard,
          hellmonk_ecumenical_altar_defaced_shrine, uniq_sigmund
D:4:      layout_gridville, mainiacjoe_overflow_24_doors, tgw_trog,
          grunt_temple_overflow_octagram, minmay_temple_entry_butterflies,
          nrook_mini_backslash, uniq_natasha, uniq_grinder
D:5:      minmay_evil_eye, layout_cave_pods
D:6:      layout_rooms, serial_co_window_serial, co_window_paths_a,
          co_window_corner_a, co_window_paths_a, co_window_paths_a,
          co_window_of_opportunity_a, co_window_unsneaky_path_d,
          co_window_broadway_b, co_window_broadway_c,
          co_window_of_opportunity_c, co_window_paths_e, glass_columns_c,
          glass_columns_a, glass_columns_c, glass_columns_a, glass_columns_c,
          portal_sewer_entry_b
D:7:      layout_basic, gammafunk_ghost_smash
D:8:      layout_cave_pools, lair_entry_dummy, serial_shops,
          kennysheep_mini_moat, serial_bayou_pond_a
D:9:      layout_roguey, elyvilon_altar_5
D:10:     layout_roguey, overflow_temple_1_default, ebering_ghost_gozag
Lair:1:   layout_chaotic_city, gauntlet_entry_generic,
          chequers_serial_rivers_small_b
Gauntlet: gammafunk_gauntlet_one_two_three [nicolae_gauntlet_arena_grate_2,
          nicolae_gauntlet_swirl, gammafunk_gauntlet_arena_open,
          gammafunk_gauntlet_arena_arrow_garden, gammafunk_gauntlet_arena_teeth,
          gammafunk_gauntlet_arena_mazey, gammafunk_gauntlet_arena_hedges,
          nicolae_gauntlet_arena_blocks, nicolae_gauntlet_arena_flowing_pool,
          dreamdust_gauntlet_exit_labyrinth]

Skill      XL: |  1  2  3  4  5  6  7  8  9 10 11 |
---------------+----------------------------------+-----
Spellcasting   | 5 6 7 8 |  8.3
Fighting       | 1 2 3 5 6 |  6.5
Short Blades   | 1 2 3 5 6 |  6.5
Long Blades    | 1 2 3 4 6 7 8 |  8.6
Axes           | 1 2 3 5 6 |  6.5
Maces & Flails | 1 2 3 5 6 |  6.5
Polearms       | 1 2 3 5 6 |  6.5
Staves         | 1 2 3 5 6 |  6.5
Ranged Weapons | 1 2 3 5 6 |  6.5
Throwing       | 1 2 3 5 6 |  6.5
Armour         | 1 2 3 5 6 |  6.5
Shields        | 1 2 3 5 6 |  6.5
Unarmed Combat | 1 2 3 5 6 |  6.5
Invocations    | 1 2 3 4 5 6 7 |  7.1
Evocations     | 1 2 3 5 6 |  6.5
Hexes          | 1 2 3 4 5 |  5.4
Summonings     | 1 2 3 4 5 |  5.4
Necromancy     | 1 2 3 4 5 |  5.4
Translocations | 1 2 3 4 5 |  5.4
Transmutations | 1 2 3 4 5 |  5.4
Fire Magic     | 1 2 3 4 5 |  5.4
Ice Magic      | 1 2 3 4 5 |  5.4
Air Magic      | 1 2 3 4 5 |  5.4
Earth Magic    | 1 2 3 4 5 |  5.4
Poison Magic   | 1 2 3 4 5 |  5.4
Dodging        | 5 6 7 8 |  8.0
Stealth        | 5 6 7 |  7.8
Conjurations   | 8 9 |  9.0

Action                   |  1- 3 |  4- 6 |  7- 9 | 10-12 || total
-------------------------+-------+-------+-------+-------++-------
Melee: Hand axe          |     4 |     1 |       |       ||     5
       Double sword      |       |    38 |    87 |   187 ||   312
       Bite              |       |     2 |     6 |    25 ||    33
 Cast: Magic Dart        |    31 |    68 |   104 |    20 ||   223
       Searing Ray       |     1 |     7 |    29 |    10 ||    47
       Fulminant Prism   |       |       |    15 |    21 ||    36
       Iskenderun's Myst |       |       |     5 |    15 ||    20
Evoke: Piece from Xom's  |       |       |       |     1 ||     1
  Use: Scroll            |       |     5 |    15 |     7 ||    27
       Potion            |       |       |       |     6 ||     6
 Stab: Sleeping          |     2 |       |     1 |       ||     3
Armor: Robe              |     2 |     2 |       |       ||     4
       Skin              |       |     3 |       |       ||     3
       Ring mail         |       |    14 |    98 |   143 ||   255
Dodge: Dodged            |     4 |    22 |    73 |   118 ||   217
Block: Buckler           |       |     8 |    35 |    49 ||    92
